Map: Winter's Gate LE

Players

pHARM

  • Race: Zerg Zerg
  • League: Platinum
  • Spawn Location: 11:00

AwesomeShot - Winner!

  • Race: Protoss Protoss
  • League: Platinum
  • Spawn Location: 5:00

VOD

Have the link to the VOD?

Description

Time

  • Played on: Oct. 6, 2019, 1:36 a.m.
  • Length: 10:18
Show
View Real Time Build Order
Export as new Build Order

pHARM Zerg 

Build Orders: Hatch First 

Get SALT Encoding   

  12  0:01  Drone  
  13  0:14  Overlord  
  13  0:17  Drone  
  14  0:37  Drone x2  
  16  0:51  Hatchery  
  15  0:57  Drone  
  15  0:58  Drone  
  17  1:14  Drone x2  
  19  1:23  Spawning Pool, Drone  
  19  1:58  Drone x3  
  22  2:12  Drone, Queen x2  
  22  2:14  Overlord  
  27  2:16  Drone  
  28  2:32  Overlord  
  28  2:34  Drone x2  
  30  2:56  Drone x2  
  30  2:57  Drone x2  
  34  3:00  Overlord  
  34  3:02  Queen  
  36  3:09  Drone x2  
  38  3:14  Hatchery  
  37  3:23  Drone x2  
  39  3:36  Drone x8  
  47  3:48  Extractor  
  47  3:51  Drone x2, Extractor x2  
  46  3:57  Drone x2  
  48  4:24  Evolution Chamber  
  48  4:27  Roach Warren  
  46  4:32  Baneling Nest  
  45  4:40  Drone  
  45  4:43  Drone  
  44  5:16  Roach x7  
  44  5:17  Roach  
  56  5:27  Overlord x3  
  56  5:28  Overlord  
  55  5:30  Lair  
  55  5:45  Drone x4  
  55  5:46  Drone x4  
  63  6:16  Drone x12  
  75  6:35  Hydralisk Den  
  75  6:38  Infestation Pit  
  75  6:39  Zerg Melee Weapons Level 1  
  73  6:42  Centrifical Hooks  
  73  6:46  Metabolic Boost  
  73  6:51  Zergling x26  
  86  7:04  Drone x4  
  86  7:05  Hatchery  
  86  7:07  Overlord  
  86  7:08  Zergling x2, Hatchery  
  89  7:09  Grooved Spines  
  89  7:21  Hatchery  
  88  7:30  Extractor  
  88  7:31  Hive  
  87  7:40  Spire  
  86  7:55  Hydralisk x2  
  86  7:58  Overlord x8  
  90  7:59  Overlord x4  
  90  8:02  Baneling x8  
  90  8:03  Baneling  
  89  8:21  Muscular Augments  
  89  8:22  Hydralisk  
  89  8:23  Hydralisk x2  
  89  8:25  Zergling x22  
  75  8:49  Hydralisk  
  75  8:50  Hydralisk x2  
  79  8:55  Zergling x4  
  79  8:56  Zergling x28  
  79  9:02  Baneling x6  
  92  9:04  Baneling  
  84  9:22  Hydralisk x4  
  60  9:34  Hatchery  
  58  9:40  Hydralisk  
  58  9:41  Hydralisk x3  
  58  9:42  Zergling x2  
  58  9:43  Zergling x10  
  58  9:44  Overlord  
  58  9:45  Overlord x7  
Show
View Real Time Build Order
Export as new Build Order

AwesomeShot Protoss - Winner!

Build Orders: Forge Fast Expand (FFE) 

Get SALT Encoding   

  12  0:01  Probe  
  13  0:13  Probe  
  14  0:19  Pylon  
  14  0:25  Probe  
  14  0:27  Pylon  
  15  0:46  Probe  
  15  0:48  Forge  
  16  1:05  Probe  
  17  1:15  Pylon  
  17  1:24  Nexus  
  17  1:35  Photon Cannon  
  17  1:47  Photon Cannon  
  17  2:00  Gateway  
  16  2:03  Photon Cannon  
  16  2:09  Probe  
  16  2:12  Assimilator  
  16  2:14  Assimilator  
  17  2:26  Probe  
  18  2:38  Probe (Chrono Boost)  
  18  2:42  Probe (Chrono Boost)  
  20  2:48  Probe (Chrono Boost)  
  20  2:49  Cybernetics Core  
  21  2:55  Gateway  
  21  2:58  Probe (Chrono Boost)  
  22  2:59  Probe (Chrono Boost)  
  23  3:10  Probe (Chrono Boost)  
  25  3:14  Probe (Chrono Boost)  
  25  3:16  Probe (Chrono Boost)  
  26  3:21  Probe  
  26  3:23  Warp Gate (Chrono Boost)  
  26  3:24  Probe  
  26  3:26  Adept (Chrono Boost)  
  30  3:33  Probe  
  31  3:34  Pylon  
  31  3:36  Probe  
  31  3:40  Adept (Chrono Boost)  
  32  3:43  Protoss Ground Weapons Level 1  
  32  3:45  Probe  
  35  3:49  Probe  
  36  3:55  Twilight Council  
  36  3:58  Probe  
  36  4:01  Probe  
  38  4:07  Adept x2 (Chrono Boost)  
  42  4:10  Probe  
  43  4:17  Probe  
  43  4:21  Pylon  
  43  4:22  Probe  
  43  4:23  Assimilator  
  45  4:29  Probe  
  46  4:48  Gateway  
  46  4:49  Gateway  
  46  4:52  Gateway  
  46  5:23  Blink (Chrono Boost)  
  46  5:25  Adept x2  
  48  5:33  Robotics Facility  
  48  5:42  Pylon  
  46  5:46  Pylon  
  46  5:49  Pylon  
  46  5:50  Stalker x3  
  46  5:51  Stalker  
  54  5:57  Assimilator  
  50  6:04  Protoss Ground Weapons Level 2 (Chrono Boost)  
  50  6:14  Probe  
  50  6:15  Probe  
  50  6:17  Immortal (Chrono Boost)  
  52  6:24  Stalker  
  52  6:25  Stalker x3  
  64  6:26  Probe  
  64  6:27  Probe  
  66  6:37  Stalker  
  66  6:39  Probe x2  
  70  6:46  Immortal (Chrono Boost)  
  70  6:51  Probe x2  
  76  6:58  Nexus  
  76  7:01  Stalker  
  78  7:11  Pylon  
  78  7:14  Pylon x2  
  78  7:19  Pylon  
  78  7:28  Warp Prism (Chrono Boost)  
  80  7:30  Sentry x2  
  80  7:32  Sentry, Stalker  
  80  7:33  Sentry  
  90  7:43  Gateway  
  90  7:44  Gateway  
  90  7:56  Assimilator  
  90  8:01  Stalker x3  
  90  8:02  Stalker  
  98  8:13  Immortal  
  102  8:33  Stalker x2  
  102  8:50  Stalker x3  
  102  8:51  Stalker  
  102  8:53  Immortal  
  114  9:07  Stalker  
  114  9:08  Stalker x2  
  94  10:03  Stalker x3  
  94  10:04  Stalker x3  
  94  10:05  Stalker  
Tags
 
Add a new tag
Caveats
  • Supply blocks, unpowered buildings, or Contaminate may cause inaccurate times.
  • Supply counts are checked every 10 seconds.